 Dungeon Crawl Stone Soup version 0.32-a0-876-gcfddb08e57 (webtiles) character file.

Game seed: 2406226553034468621

589 TacoSundae the Changeling (level 7, -10/70 HPs)
             Began as an Oni Shapeshifter on Apr 2, 2024.
             Was a Follower of Uskayaw.
             Mangled by Duvessa
             ... wielding a +0 short sword
              (17 damage)
             ... on level 4 of the Dungeon.
             The game lasted 00:09:37 (3221 turns).

TacoSundae the Changeling (Oni Shapeshifter)        Turns: 3221, Time: 00:09:38

Health: -10/70     AC:  4    Str: 19    XL:     7   Next: 38%
Magic:  7/7        EV:  9    Int: 11    God:    Uskayaw [*.....]
Gold:   133        SH:  0    Dex: 10    Spells: 6/6 levels left

rFire   . .          .
                       - Unarmed
rCold   . . .        (no shield)
rNeg    . . .        a - +1 animal skin
rPois   .            (helmet currently unavailable)
rElec   .            (cloak currently unavailable)
rCorr   .            (gloves unavailable)
SInv    .            (boots unavailable)
Will    .....        (no amulet)
Stlth   +            (no ring)
HPRegen 0.31/turn    (no ring)
MPRegen 0.10/turn

%: no passive effects
@: beast-form
A: beast (slay +2), large, unfitting armour, horns 1, tough skin 1, double
potion healing, drunken brawling
a: Begin Untransformation, Renounce Religion, Stomp


You were on level 4 of the Dungeon.
You worshipped Uskayaw.
Uskayaw was noncommittal.
You were a hulking beast.
You visited 2 branches of the dungeon, and saw 5 of its levels.

You collected 133 gold pieces.

Inventory:

Armour
 a - a +1 animal skin (worn)
 i - the +2 robe "Iledghunt" {rF- Will++ Str+5}
   (You found it on level 2 of the Dungeon)

   Str+5:     It affects your strength (+5).
   rF-:       It makes you vulnerable to fire.
   Will++:    It greatly increases your willpower.
Talismans
 c - a beast talisman (active)
 d - a flux talisman
 h - a dragon-blood talisman
Scrolls
 j - a scroll of enchant armour
 k - a scroll of identify
Potions
 b - 2 potions of curing
 f - 2 potions of heal wounds


   Skills:
 + Level 4.2 Fighting
 + Level 3.2 Dodging
 * Level 4.8 Unarmed Combat
 * Level 5.1 Shapeshifting


You had 6 spell levels left.
You didn't know any spells.
Your spell library contained the following spells:

 Spells                   Type           Power      Damage    Failure   Level
 Apportation              Tloc           0%         N/A       34%         1
 Jinxbite                 Hex            0%         N/A       47%         2
 Alistair's Intoxication  Alch           0%         N/A       100%        5


Dungeon Overview and Level Annotations

Branches:
Dungeon (4/15)             Temple (1/1) D:4

Altars:
Ashenzari
Kikubaaqudgha
Nemelex Xobeh
Okawaru
Qazlal
Ru
Trog
Uskayaw
Vehumet
Wu Jian
Xom
The Shining One

Annotations:
D:4 Duvessa


Innate Abilities, Weirdness & Mutations

You are a hulking beast.
Your limbs bulge with bestial killing power. (Slay +2)
You are too large for most types of armour.
You have a pair of small horns on your head.
You have tough skin. (AC +1)
You gain doubled healing and magic from potions.
Whenever you drink a healing potion, you attack all around you.


Message History

Blork the orc is lightly wounded.
Blork the orc hits you with a +0 short sword.
You hit Blork the orc. Your headbutt misses Blork the orc.
Blork the orc is lightly wounded.
Blork the orc gestures at you while chanting.
The puff of frost hits you.
You punch Blork the orc! You headbutt Blork the orc! You punch Blork the orc.
Blork the orc is almost dead.
You can now pass through a line of other dancers.
You closely miss Blork the orc.
Blork the orc is almost dead.
Blork the orc casts a spell at you. The magic dart hits you!
You punch Blork the orc!
You kill Blork the orc!
Blork the orc's eyes stop glowing, and he collapses.
Your Shapeshifting skill increases to level 5!
Things that are here:
a +0 short sword; a +0 robe
b - 2 potions of curing (gained 1) Duvessa, Sister of Dowan comes into view.
She is wielding a +0 short sword.
Duvessa shouts!
Duvessa goes berserk!
Okay, then.
Okay, then.
Okay, then.
Duvessa rages.
Duvessa attacks as she pursues you! Duvessa hits you with a +0 short sword!
Duvessa attacks as she pursues you! Duvessa hits you with a +0 short sword!
Duvessa hits you with a +0 short sword. Duvessa attacks as she pursues you!
Duvessa hits you with a +0 short sword! Duvessa hits you but does no damage.
Duvessa hits you with a +0 short sword. Duvessa attacks as she pursues you!
Duvessa hits you with a +0 short sword!
* * * LOW HITPOINT WARNING * * *
Duvessa hits you with a +0 short sword!
* * * LOW HITPOINT WARNING * * *
Duvessa attacks as she pursues you! Duvessa hits you with a +0 short sword!
You die...
Your body falls in perfect tune with the rhythm.

#........# ##....##.....#
#........# #....##...####
#........###.#.##....#
#..................(## ##
#........##.##..##>.####.
#........##.##.#.†.......
#####.#####.#....###..###
#....#####.#..####....#
#....#eh......###..##.#
#...)..###.....[#.## .#
#....###..........# ..
#...###..#.......## #..
#...# #.#............ ..
#..># #...#.....##### ..
##### ###########


You could see Duvessa (berserk).

Vanquished Creatures
  Grinder (D:3)
  An ogre (D:4)
  Blork the orc (D:4)
  Dowan (D:4)
  A hound (D:4)
  An iguana (D:4)
  Terence (D:2)
  4 adders
  3 dart slugs
  7 ball pythons
  5 bats
  7 endoplasms
  6 giant cockroaches
  4 hobgoblins
  4 kobolds
  6 quokkas
  3 frilled lizards (D:2)
  10 goblins
  3 rats (D:1)
69 creatures vanquished.

Notes
Turn   | Place    | Note
-------+----------+-------------------------------------------
     0 | D:1      | TacoSundae the Oni Shapeshifter began the quest for the
                  | Orb.
     0 | D:1      | Reached XP level 1. HP: 19/19 MP: 1/1
   115 | D:1      | Reached XP level 2. HP: 23/27 MP: 2/2
   707 | D:2      | Reached XP level 3. HP: 28/35 MP: 3/3
   707 | D:2      | Identified the +2 robe "Iledghunt" {rF- Will++ Str+5}
   950 | D:2      | Noticed Terence
   965 | D:2      | Killed Terence
   966 | D:2      | Reached XP level 4. HP: 18/44 MP: 4/4
  1119 | D:2      | You fall into a shaft and drop 2 floors!
  1399 | D:3      | Reached XP level 5. HP: 48/52 MP: 5/5
  1490 | D:3      | Found a faded altar of an unknown god.
  1605 | D:3      | Noticed Grinder
  1629 | D:3      | Killed Grinder
  1630 | D:3      | Reached skill level 4 in Shapeshifting
  1630 | D:3      | Reached XP level 6. HP: 9/61 MP: 6/6
  2770 | D:4      | Found a staircase to the Ecumenical Temple.
  2779 | Temple   | Entered the Ecumenical Temple
  2803 | Temple   | Became a worshipper of Uskayaw the Reveller
  2836 | D:4      | Reached * piety under Uskayaw
  3011 | D:4      | Noticed Dowan
  3032 | D:4      | Reached ** piety under Uskayaw
  3033 | D:4      | Reached XP level 7. HP: 70/70 MP: 7/7
  3035 | D:4      | Killed Dowan
  3035 | D:4      | Reached *** piety under Uskayaw
  3102 | D:4      | Noticed Blork the orc
  3116 | D:4      | Killed Blork the orc
  3117 | D:4      | Reached skill level 5 in Shapeshifting
  3203 | D:4      | Noticed Duvessa
  3221 | D:4      | Mangled by Duvessa

Illustrated notes

Levels and vault maps discovered:
D:1:      lemuel_arrival_river_bridge, layout_loops_ring,
          grunt_decor_one_mirror, serial_bayou_ford_a
D:2:      layout_basic, minmay_box_of_dots, uniq_terence
D:3:      kennysheep_the_goblin_king, layout_basic,
          dreamdust_ecumenical_altar_grove, kennysheep_decorative_pillar,
          uniq_grinder
D:4:      layout_rooms, minmay_temple_entry_junction, kennysheep_generic_room_5,
          uniq_duvessa, uniq_blork_the_orc
Temple:   nicolae_temple_no_exploring_needed

Skill      XL: |  1  2  3  4  5  6  7 |
---------------+----------------------+-----
Dodging        | 2 3 |  3.2
Unarmed Combat | 3 4 |  4.8
Fighting       | 2 3 4 |  4.2
Shapeshifting  | 4 5 |  5.1

Action                     |  1- 3 |  4- 6 |  7- 9 || total
---------------------------+-------+-------+-------++-------
  Melee: Unarmed           |    77 |   124 |     9 ||   210
         Headbutt          |     8 |    22 |     2 ||    32
         Punch             |     2 |     7 |     1 ||    10
    Use: Potion            |     1 |     1 |       ||     2
         Scroll            |       |     6 |       ||     6
   Stab: Sleeping          |       |       |     1 ||     1
 Armour: Animal skin       |    37 |    69 |    14 ||   120
         Skin              |     5 |       |       ||     5
  Dodge: Dodged            |    24 |    47 |       ||    71

Table legend: (Time is in decaauts)
 A = Elapsed time spent in this place.
 B = Non-inter-level travel time spent in this place.
 C = Inter-level travel time spent in this place.
 D = Time resting spent in this place.
 E = Time spent auto-exploring this place.
 F = Levels seen in this place.
 G = Mean time per level.
                   A        B        C        D        E       F      G
               +--------+--------+--------+--------+--------+-----+--------+
         Total |   3215 |   3036 |    179 |    298 |   1946 |   5 |  643.0 |
       Dungeon |   3181 |   3002 |    179 |    298 |   1946 |   4 |  795.2 |
        Temple |     34 |     34 |      0 |      0 |      0 |   1 |   34.0 |
               +--------+--------+--------+--------+--------+-----+--------+

Top non-repeatable levels by time:
     D:2: 927 daAuts
     D:3: 920 daAuts
     D:1: 685 daAuts
     D:4: 647 daAuts
  Temple: 34 daAuts
